 Dungeon Crawl Stone Soup version 0.32-a0-163-g159c032296 (webtiles) character file.

Game seed: 13967879835274792002

49 BubbleThief the Grasshopper (level 3, -2/30 HPs)
             Began as an Armataur Warper on Feb 11, 2024.
             Slain by Terence
             ... wielding a +0 flail
              (5 damage)
             ... on level 2 of the Dungeon.
             The game lasted 00:02:31 (1458 turns).

BubbleThief the Grasshopper (Armataur Warper)       Turns: 1458, Time: 00:02:31

Health: -2/30      AC:  4    Str: 18    XL:     3   Next: 51%
Magic:  5/6        EV:  9    Int: 13    God:
Gold:   116        SH:  0    Dex:  9    Spells: 4/6 levels left

rFire   . . .        a - +0 mace
rCold   . . .        (no shield)
rNeg    . . .        b - +0 leather armour
rPois   .            (no helmet)
rElec   .            (no cloak)
rCorr   .            (no gloves)
SInv    .            (no barding)
Will    .....        (no amulet)
Stlth   +            (no ring)
HPRegen 0.25/turn    (no ring)
MPRegen 0.10/turn

%: roll
@: on blink cooldown
A: large, deformed body, tough skin 3, armoured tail, roll 1
a: no special abilities


You were on level 2 of the Dungeon.
You visited 1 branch of the dungeon, and saw 2 of its levels.

You collected 116 gold pieces.

Inventory:

Hand Weapons
 a - a +0 mace (weapon)
Missiles
 d - 7 darts of dispersal (quivered)
Armour
 b - a +0 leather armour (worn)
Jewellery
 h - a ring of see invisible
Scrolls
 c - a scroll of blinking
 f - 2 scrolls of identify {unknown}
 g - a scroll of noise {unknown}
 j - a scroll of vulnerability {unknown}
 k - a scroll of amnesia {unknown}
Potions
 e - a potion of brilliance {unknown}
 i - a potion of invisibility {unknown}
 l - a potion of enlightenment {unknown}


   Skills:
 + Level 2.5 Fighting
 + Level 2.4 Maces & Flails
 - Level 0.8 Throwing
 - Level 1.2 Armour
 - Level 1.3 Dodging
 - Level 2.0 Spellcasting
 + Level 3.3 Translocations


You had 4 spell levels left.
You knew the following spells:

 Your Spells              Type           Power      Damage    Failure   Level
a - Blink                 Tloc           20%        N/A       12%         2

Your spell library contained the following spells:

 Spells                   Type           Power      Damage    Failure   Level
 Lesser Beckoning         Tloc           20%        N/A       12%         2
 Teleport Other           Tloc           10%        N/A       22%         3
 Manifold Assault         Tloc           10%        N/A       58%         4
 Vhi's Electric Charge    Tloc/Air       10%        N/A       83%         4


Dungeon Overview and Level Annotations

Branches:
Dungeon (2/15)

Altars:
Hepliaklqana

Shops:
D:2 (

Annotations:
D:2 Terence


Innate Abilities, Weirdness & Mutations

Armour fits poorly on your strangely shaped body.
You have extremely tough skin. (AC +3)
You have a long armoured tail.
You regenerate magic when rolling toward enemies. (Rampage MPRegen)


Message History

No target in view!
No target in view!
l - a murky coppery potion You open the door.
Terence the Incautious comes into view.
He is wielding a +0 flail.
Terence shouts!
Terence moves out of view.
Found a short sword.
There is an open door here.
Terence says, "You're history."
You roll towards Terence!
You hit Terence but do no damage.
Your tail-slap misses Terence.
Terence hits you with a +0 flail.
You hit Terence but do no damage. You tail-slap Terence!
Terence is moderately wounded.
Terence barely misses you. Terence hits you with a +0 flail.
You hit Terence.
Terence is heavily wounded.
Terence hits you with a +0 flail!
You are too injured to fight recklessly!
You are too injured to fight recklessly!
Sorry, you're not good enough to have a special ability.
Casting: Blink (safe; 12% risk of failure)
Confirm with . or Enter, or press ? or * to list all spells.
You blink.
You roll towards Terence!
You hit Terence.
Terence is heavily wounded.
Terence says, "Did you write a will?
You should..."
Terence hits you with a +0 flail!
* * * LOW HITPOINT WARNING * * *
You closely miss Terence.
You tail-slap Terence, but do no damage.
Terence is heavily wounded.
Terence hits you with a +0 flail.
* * * LOW HITPOINT WARNING * * *
You thump Terence!
You tail-slap Terence, but do no damage.
Terence is almost dead.
Terence completely misses you. Terence hits you with a +0 flail.
You die...
Terence says, "Time to find some more victims."

########## #........# ####
#.@@.....### ...# #......)....
##.###### +..##'###########.##
##.##... . ##.##.#.#...........
...##.###....##.##.#.#.#...###.##
#..#............................#
......####.####.####...###......#
#..##.#....# #..................
#.....#.############....#.#......


You could see Terence.

Vanquished Creatures
  An adder (D:2)
  A dart slug (D:1)
  3 ball pythons
  4 bats
  4 endoplasms
  4 giant cockroaches (D:1)
  4 goblins (D:1)
  2 hobgoblins (D:1)
  3 kobolds (D:1)
  9 rats
35 creatures vanquished.

Notes
Turn   | Place    | Note
-------+----------+-------------------------------------------
     0 | D:1      | BubbleThief the Armataur Warper began the quest for the
                  | Orb.
     0 | D:1      | Reached XP level 1. HP: 17/17 MP: 3/3
   127 | D:1      | Reached XP level 2. HP: 22/24 MP: 5/5
   130 | D:1      | Learned a level 2 spell: Blink
   406 | D:1      | Reached XP level 3. HP: 19/30 MP: 6/6
   833 | D:2      | Found a hazy altar of Hepliaklqana.
  1217 | D:2      | Found Puschin's Antique Weapon Shop.
  1448 | D:2      | Noticed Terence
  1458 | D:2      | Slain by Terence

Illustrated notes

Levels and vault maps discovered:
D:1:      dpeg_arrival_pond, layout_basic
D:2:      layout_basic, serial_shops, nicolae_shop_back_alley_shop,
          dreamdust_ecumenical_altar_hidden_monk_grotto, basic_altar,
          uniq_terence

Skill      XL: |  1 |
---------------+----+-----
Fighting       | 2 |  2.5
Maces & Flails | 2 |  2.4
Spellcasting   | 2 |  2.0
Throwing       | |  0.8
Armour         | |  1.2
Dodging        | |  1.3
Translocations | |  3.3

Action                     || total
---------------------------++-------
  Melee: Mace              ||   110
         Tailslap          ||    16
   Cast: Blink             ||     1
 Armour: Leather armour    ||    90
  Dodge: Dodged            ||    61

Table legend: (Time is in decaauts)
 A = Elapsed time spent in this place.
 B = Non-inter-level travel time spent in this place.
 C = Inter-level travel time spent in this place.
 D = Time resting spent in this place.
 E = Time spent auto-exploring this place.
 F = Levels seen in this place.
 G = Mean time per level.
                   A        B        C        D        E       F      G
               +--------+--------+--------+--------+--------+-----+--------+
         Total |   1489 |   1469 |     20 |      0 |   1229 |   2 |  744.5 |
       Dungeon |   1489 |   1469 |     20 |      0 |   1229 |   2 |  744.5 |
               +--------+--------+--------+--------+--------+-----+--------+

Top non-repeatable levels by time:
     D:1: 750 daAuts
     D:2: 739 daAuts
